 Dungeon Crawl Stone Soup version 0.31-a0-803-g95b03c3367 (webtiles) character file.

Game seed: 5856723267763749867

9 Bakker the Vexing (level 2, 0/19 HPs)
             Began as a Vampire Enchanter on Sept 20, 2023.
             Succumbed to an adder's poison
             ... on level 2 of the Dungeon.
             The game lasted 00:06:35 (657 turns).

Bakker the Vexing (Vampire Enchanter)                Turns: 657, Time: 00:06:36

Health: 0/19       AC:  2    Str:  7    XL:     2   Next: 3%
Magic:  5/5        EV: 12    Int: 17    God:
Gold:   33         SH:  0    Dex: 14    Spells: 5/5 levels left

rFire   . . .        a - +1 dagger
rCold   . . .        (no shield)
rNeg    . . .        b - +0 robe
rPois   .            (no helmet)
rElec   .            (no cloak)
rCorr   .            (no gloves)
SInv    +            (no boots)
Will    .....        (no amulet)
Stlth   +++          (no ring)
HPRegen 0.43/turn    (no ring)
MPRegen 0.09/turn

%: no passive effects
@: lethally poisoned (0 -> -2), healing quickly
A: alive, fangs 3, see invisible, vampiric 1
a: Exsanguinate


You were on level 2 of the Dungeon.
You visited 1 branch of the dungeon, and saw 2 of its levels.

You collected 33 gold pieces.

Inventory:

Hand Weapons
 a - a +1 dagger (weapon)
Armour
 b - a +0 robe (worn)
Potions
 c - 2 potions of invisibility


   Skills:
 + Level 1.3 Short Blades
 + Level 2.3 Dodging
 + Level 4.5 Stealth
 + Level 2.1 Spellcasting
 + Level 4.7 Hexes


You had 5 spell levels left.
You didn't know any spells.
Your spell library contained the following spells:

 Spells                   Type           Power      Damage    Failure   Level
 Confusing Touch          Hex            18%        N/A       9%          3
 Tukima's Dance           Hex            18%        N/A       9%          3
 Ensorcelled Hibernation  Hex/Ice        18%        N/A       11%         2
 Dazzling Flash           Conj/Hex       18%        N/A       22%         3


Dungeon Overview and Level Annotations

Branches:
Dungeon (2/15)

Altars:


Innate Abilities, Weirdness & Mutations

Your natural rate of healing is accelerated.
You have razor-sharp teeth.
You have supernaturally acute eyesight. (SInv)
You are afflicted with vampirism.


Message History

There is a stone staircase leading up here.
The adder hisses angrily.
You see here a scroll labelled SEIMEXTUA.
As you read the scroll labelled CAODOCKOOCH, it crumbles to dust.
It is a scroll of amnesia.
You feel forgetful for a moment.
As you read the scroll labelled HUL GEUM MAN, it crumbles to dust.
You hear a loud clanging noise!
It was a scroll of noise.
You hear an angry hiss.
Found a scroll labelled PEULLYEMEI.
The adder barely misses you. The quokka attacks as it pursues you!
The quokka barely misses you. The adder attacks as it pursues you!
The adder bites you. The quokka closely misses you.
The adder attacks as it pursues you! The adder bites you.
You are poisoned.
The adder poisons you! The quokka barely misses you.
You feel sick. The adder bites you.
You are more poisoned.
The adder poisons you!
The quokka twitches its whiskers.
The adder misses you.
You feel very sick.
You hit the quokka.
The quokka is lightly wounded.
You feel sick. The quokka barely misses you.
You hit the quokka but do no damage.
The quokka is lightly wounded.
You feel sick. The quokka barely misses you.
You hit the quokka.
The quokka is heavily wounded.
You feel sick. The quokka barely misses you. The quokka bites you.
* * * LOW HITPOINT WARNING * * *
You hit the quokka.
The quokka is almost dead.
* * * LOW HITPOINT WARNING * * *
You feel sick. The quokka completely misses you.
You miss the quokka. You bite the quokka.
You kill the quokka!
You die...

##### ?..
#.# # #@#
##.#.####
#...S.<.#
#.....?.#
#.......#
#.......#
#.......#
#.......#
#.......#


You could see an adder.

Vanquished Creatures
  2 goblins (D:1)
  2 quokkas
  3 ball pythons (D:1)
  A kobold (D:1)
  3 rats (D:1)
11 creatures vanquished.

Notes
Turn   | Place    | Note
-------+----------+-------------------------------------------
     0 | D:1      | Bakker the Vampire Enchanter began the quest for the Orb.
     0 | D:1      | Reached XP level 1. HP: 13/13 MP: 3/3
   356 | D:1      | Reached XP level 2. HP: 16/19 MP: 5/5
   657 | D:2      | Succumbed to an adder's poison

Illustrated notes

Levels and vault maps discovered:
D:1:      dpeg_arrival_three_smaller_balls, layout_basic, serial_forest,
          infiniplex_forest_straight_3, infiniplex_forest_lined_3,
          infiniplex_forest_clump_small, infiniplex_forest_clump_small,
          infiniplex_forest_clump_small, infiniplex_forest_lined_3,
          infiniplex_forest_end_1, infiniplex_forest_clump_diagonal,
          infiniplex_forest_straight_2, grunt_decor_clamped, st_stairs_13,
          grunt_decor_arrowhead, minmay_misc_feat_rugged
D:2:      layout_loops_ring, dk_noncrumbling_3, uniq_terence

Action                     || total
---------------------------++-------
  Melee: Dagger            ||    55
         Bite              ||     4
    Use: Scroll            ||     2
   Stab: Sleeping          ||     2
 Armour: Robe              ||    23
  Dodge: Dodged            ||    22

Table legend: (Time is in decaauts)
 A = Elapsed time spent in this place.
 B = Non-inter-level travel time spent in this place.
 C = Inter-level travel time spent in this place.
 D = Time resting spent in this place.
 E = Time spent auto-exploring this place.
 F = Levels seen in this place.
 G = Mean time per level.
                   A        B        C        D        E       F      G
               +--------+--------+--------+--------+--------+-----+--------+
         Total |    653 |    653 |      0 |      0 |      0 |   2 |  326.5 |
       Dungeon |    653 |    653 |      0 |      0 |      0 |   2 |  326.5 |
               +--------+--------+--------+--------+--------+-----+--------+

Top non-repeatable levels by time:
     D:1: 640 daAuts
     D:2: 12 daAuts
